 Dungeon Crawl Stone Soup version 0.28.0-43-g3370ac3207 (webtiles) character file.

Game seed: 11457068026582291981

213 Ekaitz the Firebug (level 5, -8/37 HPs)
             Began as a Demonspawn Fire Elementalist on Mar 25, 2022.
             Killed by divine providence
             ... invoked by an orc priest
              (12 damage)
             ... on level 3 of the Dungeon.
             The game lasted 00:07:40 (4061 turns).

Ekaitz the Firebug (Demonspawn Fire Elementalist)   Turns: 4061, Time: 00:07:41

Health: -8/37      AC:  3    Str: 10    XL:     5   Next: 59%
Magic:  1/9        EV: 27    Int: 17    God:
Gold:   88         SH:  0    Dex: 13    Spells: 0/9 levels left

rFire   . . .      SeeInvis .   i - +2 short sword (venom)
rCold   . . .      Faith    .   (no shield)
rNeg    . . .      Spirit   .   a - +0 robe
rPois   .          Reflect  .   u - +0 helmet
rElec   .          Harm     .   (no cloak)
rCorr   .          Rampage  .   (no gloves)
Will    .....                   (no boots)
Stlth   ++........              s - amulet of the acrobat
HPRegen 0.12/turn               (no ring)
MPRegen 0.11/turn               (no ring)

@: mighty, acrobatic
A: hooves 1, powered by pain 1, weakness stinger 2
a: no special abilities


You were on level 3 of the Dungeon.
You visited 1 branch of the dungeon, and saw 3 of its levels.

You collected 88 gold pieces.

Inventory:

Hand Weapons
 c - a +0 morningstar
 g - a +0 hunting sling
 i - a +2 short sword of venom (weapon)
 n - a +1 spectral club
 v - a +2 dagger of flaming
 w - a +1 vorpal hand axe
Missiles
 b - 6 javelins
 e - 24 arrows
 j - 79 stones
 t - 20 bolts
 x - 2 throwing nets
 z - 7 poisoned darts
Armour
 a - a +0 robe (worn)
 u - a +0 helmet (worn)
Jewellery
 s - an amulet of the acrobat (around neck)
Scrolls
 h - 2 scrolls of blinking {unknown}
 k - a scroll of vulnerability {unknown}
 l - 2 scrolls of identify {unknown}
 o - a scroll of brand weapon {unknown}
 p - a scroll of enchant weapon {unknown}
 q - a scroll of magic mapping {unknown}
 r - 2 scrolls of teleportation {unknown}
 y - a scroll of silence {unknown}
 A - a scroll of enchant armour {unknown}
Potions
 d - a potion of attraction {unknown}
 f - a potion of degeneration {unknown}
 m - a potion of flight {unknown}


   Skills:
 * Level 1.2 Fighting
 + Level 1.3 Short Blades
 + Level 0.7 Maces & Flails
 + Level 1.9 Dodging
 + Level 2.3 Stealth
 + Level 2.9 Spellcasting
 + Level 2.0 Conjurations
 * Level 0.3 Hexes
 * Level 3.9 Fire Magic


You couldn't memorise any spells.
You knew the following spells:

 Your Spells              Type           Power      Damage    Failure   Level
a - Foxfire               Conj/Fire      48%        2x1d6     5%          1
b - Scorch                Fire           30%        2d7       5%          2
c - Inner Flame           Hex/Fire       9%         N/A       22%         3
d - Conjure Flame         Conj/Fire      12%        6-21      16%         3

Your spell library contained the following spells:

 Spells                   Type           Power      Damage    Failure   Level
 Pain                     Necr           8%         1d4       19%         1
 Summon Small Mammal      Summ           8%         N/A       19%         1
 Summon Guardian Golem    Hex/Summ       3%         N/A       45%         3
 Flame Wave               Conj/Fire      12%        2d6       45%         4
 Call Canine Familiar     Summ           2%         N/A       47%         3
 Agony                    Necr           2%         N/A       99%         5
 Excruciating Wounds      Necr           1%         N/A       99%         5


Dungeon Overview and Level Annotations

Branches:
Dungeon (3/15)

Altars:

Annotations:
D:3 3 runed translucent doors, KittyFluff's ghost, weakling DsHu


Innate Abilities, Weirdness & Mutations

You have large cloven feet.
You sometimes gain a little power by taking damage.
You have a tail ending in a sharp stinger.


Message History

Casting: Scorch (safe; 5% risk of failure)
Confirm with . or Enter, or press ? or * to list all spells.
You conjure some foxfire!
The orc hits you with a +0 flail.
The orc priest hits you with a +0 short sword.
Casting: Foxfire (safe; 5% risk of failure)
Confirm with . or Enter, or press ? or * to list all spells.
Flames lash the orc wizard.
The orc wizard is moderately wounded.
The orc wizard's fire resistance burns away.
The foxfire hits the orc priest.
The orc priest is heavily wounded.
The foxfire hits the orc priest.
The orc priest is severely wounded.
Casting: Scorch (safe; 5% risk of failure)
Confirm with . or Enter, or press ? or * to list all spells.
You conjure some foxfire!
The orc priest calls down the wrath of Beogh upon you.
Beogh smites you!
You focus on the pain.
You feel very mighty all of a sudden.
You hear an angry hiss.
Casting: Foxfire (safe; 5% risk of failure)
Confirm with . or Enter, or press ? or * to list all spells.
Flames lash the goblin.
You kill the goblin!
The foxfire hits the orc.
The orc is almost dead.
The foxfire hits the orc.
You kill the orc!
An adder comes into view.
The orc priest hits you with a +0 short sword.
* * * LOW HITPOINT WARNING * * *
The orc wizard points at you and mumbles some strange words.
The magic dart hits you.
* * * LOW HITPOINT WARNING * * *
The orc wizard is no longer more vulnerable to fire.
The orc priest calls upon Beogh to heal the orc wizard.
The orc wizard is healed somewhat.
The orc priest invokes the aid of Beogh against you.
Beogh smites you!
You die...

##.# #........#
#.####.##.###.#
#........#†##.###
#.##.#.##.###.#.##
##.#....##......#.#
........######.#.##
####...........#.#
# ##.##########.# #
#.# #@# # #.# #.# #
#+# #o# # #S# #
##.# # #oo# #.
#.))# ... ..)...#
#.. ##.....#


You could see an orc priest, an orc wizard, an adder and an orc.

Vanquished Creatures
  Jessica (D:2)
  An orc wizard (D:2)
  Robin (D:3)
  4 adders
  3 worms
  3 dart slugs
  6 orcs
  8 endoplasms
  2 giant cockroaches
  23 goblins
  8 hobgoblins
  3 jackals (D:3)
  9 kobolds
  A quokka (D:3)
  4 ball pythons
  4 bats
  4 frilled lizards
  6 rats
91 creatures vanquished.

Vanquished Creatures (others)
  142 foxfires
142 creatures vanquished.

Grand Total: 233 creatures vanquished

Notes
Turn   | Place    | Note
-------+----------+-------------------------------------------
     0 | D:1      | Ekaitz the Demonspawn Fire Elementalist began the quest for
                  | the Orb.
     0 | D:1      | Reached XP level 1. HP: 13/13 MP: 3/3
   261 | D:1      | Reached skill level 3 in Fire Magic
   399 | D:1      | Discovered your monstrous ancestry.
   399 | D:1      | Gained mutation: You have large cloven feet. [demonic
                  | ancestry]
   399 | D:1      | Reached XP level 2. HP: 13/19 MP: 5/5
   402 | D:1      | Learned a level 2 spell: Scorch
  1366 | D:2      | Noticed Jessica
  1373 | D:2      | Gained mutation: You sometimes gain a little power by
                  | taking damage. [demonic ancestry]
  1373 | D:2      | Reached XP level 3. HP: 18/24 MP: 1/6
  1383 | D:2      | Killed Jessica
  1566 | D:2      | Gained mutation: You have a small tail. [demonic ancestry]
  1566 | D:2      | Reached XP level 4. HP: 13/31 MP: 2/7
  2412 | D:2      | Found a faded altar of an unknown god.
  2486 | D:2      | Reached skill level 1 in Fighting
  2486 | D:2      | Reached skill level 1 in Short Blades
  2725 | D:3      | Gained mutation: You have a tail ending in a sharp stinger.
                  | [demonic ancestry]
  2725 | D:3      | Reached XP level 5. HP: 33/37 MP: 7/9
  2729 | D:3      | Learned a level 3 spell: Inner Flame
  2733 | D:3      | Learned a level 3 spell: Conjure Flame
  2874 | D:3      | Noticed KittyFluff's ghost (weakling DsHu)
  2898 | D:3      | Found a runed translucent gate.
  2898 | D:3      | Found a runed translucent gate.
  2898 | D:3      | Found a runed translucent gate.
  3334 | D:3      | Noticed Robin
  3396 | D:3      | Killed Robin
  4061 | D:3      | Killed from afar by an orc priest

Illustrated notes

Levels and vault maps discovered:
D:1:      scummos_arrival_simple_fountains, layout_basic, serial_glass,
          glass_columns_c, glass_columns_a, glass_columns_b, glass_columns_c,
          glass_columns_b, glass_columns_a
D:2:      minmay_evil_eye, layout_loops_ring,
          shapermc_ecumenical_altar_flowoftime, uniq_jessica
D:3:      kennysheep_goblin_castle, layout_loops_corners, gammafunk_ghost_icy

Skill      XL: |  1  2  3  4  5 |
---------------+----------------+-----
Fire Magic     | 3 |  3.9
Stealth        | 2 |  2.3
Fighting       | 1 |  1.2
Short Blades   | 1 |  1.3
Conjurations   | 2 |  2.0
Maces & Flails | |  0.7
Dodging        | |  1.9
Spellcasting   | |  2.9
Hexes          | |  0.3

Action                   |  1- 3 |  4- 6 || total
-------------------------+-------+-------++-------
Melee: Morningstar       |    14 |       ||    14
       Short sword       |    27 |    42 ||    69
       Kick              |     7 |     5 ||    12
       Tailslap          |       |     4 ||     4
 Cast: Foxfire           |    27 |    59 ||    86
       Scorch            |     6 |    17 ||    23
 Stab: Sleeping          |       |     7 ||     7
Armor: Robe              |    12 |     6 ||    18
Dodge: Dodged            |    36 |    37 ||    73
